 Seeded DCSS version 0.29-a0-334-gb41bcbb86e (webtiles) character file.

Game seed: 11116387313641504727 (custom seed)

32160 stormannn the Cleaver (level 13, -5/117 HPs)
             Began as a Ghoul Fighter on Apr 14, 2022.
             Was a High Priest of Makhleb.
             Slain by an orc warrior
             ... wielding a +0 glaive
             ... led by Saint Roka
              (26 damage)
             ... on level 2 of the Orcish Mines.
             The game lasted 00:21:20 (14769 turns).

stormannn the Cleaver (Ghoul Fighter)              Turns: 14769, Time: 00:21:21

Health: -5/117     AC: 10    Str: 24    XL:     13   Next: 62%
Magic:  12/12      EV:  9    Int:  9    God:    Makhleb [*****.]
Gold:   1330       SH:  7    Dex: 17    Spells: 12/12 levels left

rFire   + + .      SeeInvis +   o - +12 hand axe of Integrity {spect, +Blink Str-4 Dex+9}
rCold   + + .      Faith    +   c - +0 buckler
rNeg    + + +      Spirit   .   b - +0 scale mail
rPois   ∞          Reflect  .   p - +0 helmet
rElec   .          Harm     .   G - scarf {rC+ rF+}
rCorr   .          Rampage  .   (no gloves)
Will    .....                   (no boots)
Stlth   ..........              j - amulet "Wystinet" {Faith Drain rF+ Str+3 SInv}
HPRegen 0.00/turn               i - +6 ring of intelligence
MPRegen 0.13/turn               (no ring)

@: mighty, inhibited regen
A: claws 1, cold resistance 1, negative energy resistance 3, inhibited
regeneration, torment resistance 2, devour on kill
a: Renounce Religion, Evoke Blink, Minor Destruction, Lesser Servant of Makhleb,
Major Destruction, Greater Servant of Makhleb


You were on level 2 of the Orcish Mines.
You worshipped Makhleb.
Makhleb was extremely pleased with you.
You visited 4 branches of the dungeon, and saw 17 of its levels.
You also visited: Sewer and Bailey.

You collected 1330 gold pieces.

Inventory:

Hand Weapons
 o - the +12 hand axe of Integrity (weapon) {spect, +Blink Str-4 Dex+9}
   (You found it on level 2 of the Dungeon)

   When its wielder attacks, the weapon's spirit leaps out and strikes again.
   The spirit shares a part of any damage it takes with its wielder.
   Str:       It affects your strength (-4).
   Dex:       It affects your dexterity (+9).
   +Blink:    It lets you blink.
Missiles
 v - 2 throwing nets (quivered)
Armour
 b - a +0 scale mail (worn)
 c - a +0 buckler (worn)
 k - a +1 troll leather armour
 p - a +0 helmet (worn)
 G - a scarf of resistance (worn)
Magical Staves
 C - a staff of fire
Jewellery
 i - a +6 ring of intelligence (left claw)
 j - the amulet "Wystinet" (around neck) {Faith Drain rF+ Str+3 SInv}
   (You found it on level 1 of the Lair of Beasts)

   [amulet of faith]

   It allows you to gain divine favour quickly.
   Str:       It affects your strength (+3).
   rF:        It protects you from fire.
   SInv:      It lets you see invisible.
   Drain:     It drains your maximum health when unequipped.
 J - an amulet of reflection
Wands
 q - a wand of digging (6)
 y - a wand of polymorph (8)
 D - a wand of iceblast (22)
 E - a wand of acid (9)
 F - a wand of mindburst (10)
Scrolls
 d - 2 scrolls of summoning
 n - a scroll of fog
 A - a scroll of blinking
 I - 2 scrolls of magic mapping
 K - a scroll of identify
 L - a scroll of fear
 M - a scroll of teleportation
Potions
 a - 2 potions of ambrosia {unknown}
 e - 13 potions of curing
 f - a potion of invisibility {unknown}
 g - a potion of berserk rage {unknown}
 h - 4 potions of flight
 l - 3 potions of degeneration {unknown}
 m - 4 potions of resistance
 s - 4 potions of mutation {unknown}
 t - 2 potions of attraction {unknown}
 u - 2 potions of magic {unknown}
 w - 3 potions of lignification {unknown}
 z - 2 potions of haste {unknown}
 B - 3 potions of brilliance {unknown}


   Skills:
 + Level 11.8 Fighting
 * Level 13.5 Axes
 + Level 10.0 Armour
 + Level 10.0 Shields


You had 12 spell levels left.
You didn't know any spells.
Your spell library contained the following spells:

 Spells                   Type           Power      Damage    Failure   Level
 Animate Skeleton         Necr           0%         N/A       71%         1
 Magic Dart               Conj           0%         1d3       71%         1
 Pain                     Necr           0%         1d4       71%         1
 Summon Small Mammal      Summ           0%         N/A       71%         1
 Call Imp                 Summ           0%         N/A       83%         2
 Call Canine Familiar     Summ           0%         N/A       97%         3
 Ignite Poison            Fire/Tmut/Pois 0%         N/A       97%         3
 Mephitic Cloud           Conj/Pois/Air  0%         N/A       97%         3
 Summon Guardian Golem    Hex/Summ       0%         N/A       97%         3
 Teleport Other           Tloc           0%         N/A       97%         3
 Vampiric Draining        Necr           0%         2d6       97%         3
 Freezing Cloud           Conj/Ice/Air   0%         6-21      100%        5
 Summon Hydra             Summ           0%         N/A       100%        7
 Disjunction              Tloc           0%         N/A       100%        8
 Sublimation of Blood     Necr           Unusable   N/A       N/A         2
 Wereblood                Tmut           Unusable   N/A       N/A         2

Dungeon Overview and Level Annotations

Branches:
Dungeon (11/15)            Temple (1/1) D:6            Lair (3/6) D:11
 Spider (0/4) Lair:2          Orc (2/2) D:11          Sewer (visited)
 Bailey (visited)
  Swamp: Lair:2-4    Shoals: Lair:2-4       Elf: Orc:2

Altars:
Ashenzari
Cheibriados
Dithmenos
Elyvilon
Fedhas
Gozag
Hepliaklqana
Kikubaaqudgha
Makhleb
Nemelex Xobeh
Okawaru
Qazlal
Ru
Sif Muna
Trog
Uskayaw
Vehumet
Wu Jian
Xom
Yredelemnul
Zin
The Shining One

Shops:
D:5 *

Annotations:
D:7 2 exclusions
D:11 6 transporters
Lair:2 1 runed translucent door, D12ThenQuit's ghost, journeyman DDNe
Orc:2 Saint Roka


Innate Abilities, Weirdness & Mutations

You are immune to poison.
You have sharp fingernails.
Your flesh is cold resistant. (rC+)
You are immune to negative energy. (rN+++)
You do not regenerate when monsters are visible.
You are immune to unholy pain and torment.
You thrive by killing the living.


Message History

Makhleb accepts your kill.
Your +12 hand axe of Integrity {spect, +Blink Str-4 Dex+9} hits the orc warrior!
The orc warrior hits your +12 hand axe of Integrity {spect, +Blink Str-4 Dex+9} with a +0 flail!
Your spectral weapon shares its damage with you!
The orc warrior barely misses you.
The orc warrior hits you from afar with a +0 glaive!
An orc comes into view. It is wielding a +0 whip.
You barely miss the orc warrior.
The orc warrior is heavily wounded.
The orc shouts!
You hit Saint Roka but do no damage. The orc warrior misses you.
The orc warrior closely misses you.
Saint Roka roars a battlecry!
The orcs go into a battle-frenzy!
You feel very mighty all of a sudden. The orc warrior closely misses you.
The orc warrior hits you from afar with a +0 glaive!!
Saint Roka invokes the aid of Beogh against you.
Beogh smites you!
The orc warrior hits you with a +0 flail!
You are too injured to fight recklessly!
Unknown command.
You are too injured to fight recklessly!
You hit Saint Roka.
Saint Roka is lightly wounded.
You barely miss the orc warrior. You slash the orc warrior!
You slash Saint Roka!
Saint Roka is lightly wounded.
You hit the orc warrior. You slash the orc warrior!
The orc warrior hits you with a +0 flail!
The orc warrior hits you with a +3 dire flail!
* * * LOW HITPOINT WARNING * * *
The orc warrior barely misses you.
Saint Roka mumbles some strange prayers to Beogh against you.
Beogh smites you!
* * * LOW HITPOINT WARNING * * *
The orc priest looks braver for a moment.
The orc warrior barely misses you. You block the orc warrior's attack.
The orc warrior hits you from afar with a +0 glaive!!
You die...

.... $... .
..... ..# ...#.
.... .o.... #...
####......
#....##o#o......
#...@oo#
##.##o## # ..o#
#..o. #.....
.......
.........
###.......#


You could see Saint Roka, 4 orc warriors, an orc priest (strong) and an orc.

Vanquished Creatures
  2 vault guards (Bailey)
  3 two-headed ogres
  4 death yaks
  Pikel (D:5)
  A cyclops (D:11)
  An orc sorcerer (Orc:2)
  A manticore (D:9)
  2 wolf spiders (Lair:1)
  5 elephants (Lair:2)
  A torpor snail (Lair:2)
  5 black mambas
  A gargoyle (D:10)
  5 cane toads
  2 komodo dragons
  5 trolls
  A polar bear (Lair:1)
  Prince Ribbit (Bailey)
  11 blink frogs
  A dream sheep (shapeshifter) (D:10)
  2 wraiths (D:11)
  A wyvern (D:9)
  29 yaks
  5 humans (Bailey)
  5 basilisks
  Eustachio (D:5)
  4 steam dragons
  4 vampire mosquitoes (D:11)
  3 wargs
  9 water moccasins
  A black bear (D:8)
  6 orc warriors
  2 sky beasts
  12 wolves
  3 centaurs
  7 ogres
  A phantom (D:4)
  A lemure (D:5)
  3 kobold brigands
  18 bullfrogs
  2 necrophages (D:6)
  A scorpion (D:6)
  8 wights
  17 killer bees
  A vampire bat (Orc:1)
  3 howler monkeys
  6 orc priests
  A gnoll shaman (D:6)
  2 hounds
  Crazy Yiuf (D:7)
  Jessica (D:3)
  13 orc wizards
  An iguana (D:5)
  18 adders
  9 gnolls
  5 river rats
  A shadow imp (D:7)
  2 white imps
  5 worms
  3 dart slugs
  48 orcs
  4 ball pythons
  10 endoplasms
  2 giant cockroaches
  12 goblins
  14 hobgoblins
  5 jackals
  2 quokkas (D:1)
  15 bats
  3 frilled lizards
  15 kobolds
  14 rats
414 creatures vanquished.

Vanquished Creatures (others)
  A killer bee (D:8)
  19 fungi
  39 plants
59 creatures vanquished.

Grand Total: 473 creatures vanquished

Notes
Turn   | Place    | Note
-------+----------+-------------------------------------------
     0 | D:1      | stormannn the Ghoul Fighter began the quest for the Orb.
     0 | D:1      | Reached XP level 1. HP: 19/19 MP: 0/0
    52 | D:1      | Reached skill level 2 in Axes
    53 | D:1      | Reached XP level 2. HP: 26/26 MP: 1/1
   632 | D:1      | Reached XP level 3. HP: 31/31 MP: 2/2
  1468 | D:2      | Identified the +12 hand axe of Integrity {spect, +Blink
                  | Str-4 Dex+9}
  1495 | D:2      | Found a faded altar of an unknown god.
  1613 | D:2      | Reached XP level 4. HP: 40/40 MP: 3/3
  2076 | D:2      | Reached skill level 3 in Axes
  2514 | D:3      | Reached XP level 5. HP: 34/46 MP: 4/4
  2602 | D:3      | Noticed Jessica
  2607 | D:3      | Killed Jessica
  2747 | D:3      | Noticed an ogre
  2752 | D:3      | Killed an ogre
  2753 | D:3      | Reached XP level 6. HP: 53/53 MP: 5/5
  3390 | D:4      | Reached skill level 4 in Axes
  3569 | D:4      | Got the Guide on the Traveller
  3829 | D:5      | Entered Level 5 of the Dungeon
  3890 | D:5      | Reached XP level 7. HP: 60/60 MP: 6/6
  4012 | D:5      | Reached skill level 5 in Fighting
  4077 | D:5      | Noticed Pikel
  4096 | D:5      | Killed Pikel
  4097 | D:5      | Reached skill level 5 in Axes
  4097 | D:5      | Reached XP level 8. HP: 23/69 MP: 7/7
  4275 | D:5      | Noticed Eustachio
  4299 | D:5      | Killed Eustachio
  4380 | D:5      | Found Mevab's Assorted Antiques.
  4408 | D:5      | Reached skill level 6 in Axes
  4667 | D:6      | Reached skill level 5 in Shields
  4753 | D:6      | Reached skill level 5 in Armour
  4773 | D:6      | Found a glowing drain.
  4782 | Sewer    | Entered a sewer
  5154 | D:6      | Found a staircase to the Ecumenical Temple.
  5181 | Temple   | Entered the Ecumenical Temple
  5391 | Temple   | Became a worshipper of Makhleb the Destroyer
  5461 | D:6      | Reached XP level 9. HP: 65/77 MP: 8/8
  5926 | D:6      | Reached skill level 7 in Axes
  6281 | D:7      | Reached * piety under Makhleb
  6988 | D:7      | Found a runed translucent door.
  6989 | D:7      | Noticed Crazy Yiuf
  7095 | D:7      | Killed Crazy Yiuf
  7462 | D:8      | Reached skill level 8 in Axes
  7599 | D:8      | Reached XP level 10. HP: 82/86 MP: 9/9
  7604 | D:8      | Noticed a two-headed ogre
  7608 | D:8      | Killed a two-headed ogre
  8283 | D:9      | Noticed a manticore
  8287 | D:9      | Reached ** piety under Makhleb
  8291 | D:9      | Killed a manticore
  8292 | D:9      | Reached skill level 9 in Axes
  8352 | D:9      | Noticed a two-headed ogre
  8357 | D:9      | Killed a two-headed ogre
  8406 | D:9      | Found a flagged portal.
  8415 | Bailey   | Entered a bailey
  8508 | Bailey   | Reached XP level 11. HP: 88/95 MP: 10/10
  8531 | Bailey   | Noticed Prince Ribbit
  8531 | Bailey   | Noticed a vault guard
  8535 | Bailey   | Killed Prince Ribbit
  8536 | Bailey   | Reached skill level 10 in Axes
  8539 | Bailey   | Killed a vault guard
  8628 | Bailey   | Noticed a vault guard
  8636 | Bailey   | Killed a vault guard
  8806 | D:9      | Reached *** piety under Makhleb
  8831 | D:9      | Found a stormy altar of Qazlal.
  8832 | D:9      | Found a sparkling altar of Nemelex Xobeh.
  8833 | D:9      | Found an ancient bone altar of Kikubaaqudgha.
  9085 | D:10     | Entered Level 10 of the Dungeon
  9573 | D:10     | Identified the -3 buckler of Absolutism {Drain +Blink Fly
                  | Dex+4}
  9887 | D:11     | Noticed a death yak
  9891 | D:11     | Noticed a death yak
  9892 | D:11     | Noticed a death yak
  9899 | D:10     | Reached skill level 11 in Axes
  9901 | D:10     | Killed a death yak
 10226 | D:9      | Killed a death yak
 10227 | D:9      | Reached XP level 12. HP: 59/106 MP: 11/11
 10237 | D:9      | Killed a death yak
 10238 | D:9      | Reached skill level 10 in Fighting
 10498 | D:11     | Found a staircase to the Lair.
 10569 | D:11     | Reached **** piety under Makhleb
 10693 | D:11     | Found a staircase to the Orcish Mines.
 10819 | D:11     | Found a transporter.
 10823 | D:11     | Found a transporter.
 10833 | D:11     | Found a transporter.
 10862 | D:11     | Found a transporter.
 11067 | D:11     | Found a transporter.
 11069 | D:11     | Found a transporter.
 11328 | Lair:1   | Entered Level 1 of the Lair of Beasts
 11377 | Lair:1   | Identified the amulet "Wystinet" {Faith Drain rF+ Str+3
                  | SInv}
 11416 | Lair:1   | Reached skill level 12 in Axes
 12288 | Lair:2   | Reached XP level 13. HP: 86/116 MP: 12/12
 12293 | Lair:2   | Reached ***** piety under Makhleb
 12533 | Lair:2   | Found a hole to the Spider Nest.
 12560 | Lair:2   | Found a runed translucent door.
 12561 | Lair:2   | Found a shimmering altar of Xom.
 12561 | Lair:2   | Noticed D12ThenQuit's ghost (journeyman DDNe)
 12584 | Lair:2   | Reached skill level 13 in Axes
 13738 | Lair:3   | Found a sparkling altar of Nemelex Xobeh.
 14232 | Orc:1    | Entered Level 1 of the Orcish Mines
 14440 | Orc:1    | Reached skill level 10 in Armour
 14538 | Orc:2    | Entered Level 2 of the Orcish Mines
 14538 | Orc:2    | Noticed Saint Roka
 14547 | Orc:2    | Reached skill level 10 in Shields
 14769 | Orc:2    | Slain by an orc warrior

Illustrated notes

Levels and vault maps discovered:
D:1:      evilmike_arrival_crescent, layout_basic,
          amcnicky_mini_rare_corridor_liquid
D:2:      layout_loops_corners, serial_forest, infiniplex_forest_corner_1,
          infiniplex_forest_lined_2, infiniplex_forest_clump_cross,
          infiniplex_forest_clump_cross, infiniplex_forest_lined_room_2,
          chequers_ecumenical_altar_island,
          nicolae_concentric_dashed_squares_mild
D:3:      layout_basic, st_stairs_6, nicolae_elevator_lobby_asterisk,
          uniq_jessica
D:4:      layout_loops_ring, minmay_misc_feat_iff, kennysheep_nondescript
D:5:      layout_loops_ring, serial_shops, shop, uniq_eustachio, uniq_pikel
D:6:      layout_cave_pods, minmay_temple_entry_purple_smoke,
          lightli_sewer_entry_pipes
D:7:      layout_loops_corners, centaur_isle, uniq_crazy_yiuf_cottage
D:8:      layout_basic, serial_co_window_serial, co_window_paths_a,
          co_window_of_opportunity_a, co_window_corner_a, co_window_paths_a,
          co_window_corner_a, co_window_broadway_b, co_window_2corner,
          co_window_of_opportunity_b, co_window_4corner_a, glass_columns_b,
          glass_columns_b, glass_columns_a, lemuel_flamethrower_1
D:9:      layout_cave_pools, chequers_temple_overflow_statue_of_worship,
          enter_bailey_2
D:10:     layout_irregular_city
D:11:     layout_irregular_city, dpeg_lair_monsters, orc_0_dummy,
          serial_nicolae_subway, nicolae_sub_station_metal,
          nicolae_sub_station_crystal, nicolae_sub_station_stone
Temple:   mainiacjoe_temple_bowtie_tessellation
Lair:1:   minmay_lair_venomous_thicket, layout_cave_pods,
          nicolae_lair_run_with_the_wolves
Lair:2:   layout_roguey, dummy_spider_entry, ebering_ghost_xom,
          grunt_megastairs_5
Lair:3:   layout_cave_pods, basic_altar, serial_bayou_crossing
Orc:1:    layout_caves, roderic_batcave
Orc:2:    st_orc_rangers, layout_diamond_mine, nicolae_orc_pool_cavern,
          nicolae_orc_bridge_out, uniq_saint_roka

Skill      XL: |  1  2  3  4  5  6  7  8  9 10 11 12 13 |
---------------+----------------------------------------+-----
Axes           | 2 3 4 5 6 8 9 11 12 13 | 13.5
Shields        | 3 4 5 6 7 8 9 10 | 10.0
Armour         | 3 4 5 6 7 8 9 10 | 10.0
Fighting       | 4 5 6 7 8 9 11 | 11.8

Action                   |  1- 3 |  4- 6 |  7- 9 | 10-12 | 13-15 || total
-------------------------+-------+-------+-------+-------+-------++-------
Melee: War axe           |   119 |       |       |       |       ||   119
       Hand axe          |    12 |    58 |   162 |   334 |   137 ||   703
  Use: Scroll            |     5 |     1 |       |     9 |     4 ||    19
       Potion            |       |       |       |     5 |     1 ||     6
 Stab: Distracted        |       |       |       |     4 |     1 ||     5
Armor: Scale mail        |    76 |    27 |    46 |    63 |    22 ||   234
       Troll leather arm |       |       |       |    26 |     7 ||    33
Dodge: Dodged            |    83 |    15 |    63 |    93 |    40 ||   294
Block: Buckler           |    28 |    15 |    36 |    85 |    16 ||   180

Table legend: (Time is in decaauts)
 A = Elapsed time spent in this place.
 B = Non-inter-level travel time spent in this place.
 C = Inter-level travel time spent in this place.
 D = Time resting spent in this place.
 E = Time spent auto-exploring this place.
 F = Levels seen in this place.
 G = Mean time per level.
                   A        B        C        D        E       F      G
               +--------+--------+--------+--------+--------+-----+--------+
         Total |  14814 |  14194 |    620 |   1825 |   9868 |  19 |  779.7 |
       Dungeon |  10658 |  10192 |    466 |   1298 |   7037 |  11 |  968.9 |
        Temple |    239 |    213 |     26 |      0 |    183 |   1 |  239.0 |
          Lair |   2841 |   2734 |    107 |    210 |   2161 |   3 |  947.0 |
  Orcish Mines |    518 |    498 |     20 |    189 |    218 |   2 |  259.0 |
         Sewer |    181 |    181 |      0 |      0 |    142 |   1 |  181.0 |
        Bailey |    375 |    375 |      0 |    128 |    126 |   1 |  375.0 |
               +--------+--------+--------+--------+--------+-----+--------+

Top non-repeatable levels by time:
     D:1: 1471 daAuts
     D:7: 1167 daAuts
     D:8: 1027 daAuts
  Lair:3: 992 daAuts
     D:9: 984 daAuts
     D:6: 975 daAuts
  Lair:2: 926 daAuts
     D:2: 923 daAuts
  Lair:1: 923 daAuts
    D:10: 892 daAuts
    D:11: 888 daAuts
     D:3: 855 daAuts
     D:5: 829 daAuts
     D:4: 642 daAuts
   Orc:1: 486 daAuts
